Map: Cyber Forest LE

Players

PappiJoe - Winner!

  • Race: Protoss Protoss
  • Spawn Location: 5:00

MilkiCow

  • Race: Terran Terran
  • Spawn Location: 11:00

Event: 2019 WCS Summer

VOD

Have the link to the VOD?

Description

Time

  • Played on: July 12, 2019, 8:36 a.m.
  • Length: 5:53

All games in this series

Show
View Real Time Build Order
Export as new Build Order

PappiJoe Protoss - Winner!

Build Orders: Dark Templar Rush 

Get SALT Encoding   

  12  0:09  Pylon  
  12  0:13  Probe  
  13  0:27  Gateway  
  13  0:28  Probe  
  14  0:36  Probe  
  14  0:42  Assimilator  
  15  0:45  Probe  
  16  0:51  Assimilator  
  16  0:57  Probe  
  17  1:10  Probe  
  18  1:16  Cybernetics Core  
  18  1:22  Probe  
  19  1:39  Pylon  
  19  1:40  Probe  
  19  1:42  Adept  
  22  1:56  Probe  
  22  1:58  Robotics Facility  
  23  2:03  Warp Gate  
  23  2:08  Probe  
  24  2:14  Stalker  
  26  2:20  Probe  
  27  2:25  Pylon  
  27  2:39  Twilight Council  
  27  2:40  Immortal  
  31  3:19  Dark Shrine, Warp Prism  
  33  3:24  Gateway  
  33  3:37  Gateway  
  33  3:38  Pylon  
  32  3:56  Observer  
  32  4:05  Nexus  
  32  4:31  Dark Templar  
  32  4:32  Dark Templar  
  35  4:39  Dark Templar  
  37  4:46  Probe  
  38  5:10  Dark Templar  
  38  5:27  Probe x2  
  38  5:39  Probe x2  
  40  5:50  Stalker x3  
Show
View Real Time Build Order
Export as new Build Order

MilkiCow Terran 

Build Orders: Liberator Opening 

Get SALT Encoding   

  12  0:00  SCV  
  13  0:12  SCV  
  14  0:17  Supply Depot  
  14  0:25  SCV  
  15  0:38  SCV  
  15  0:40  Barracks  
  16  0:44  Refinery  
  16  0:50  SCV  
  17  1:03  SCV  
  18  1:15  SCV  
  19  1:27  Orbital Command, Barracks Reactor  
  19  1:43  Command Center  
  19  1:54  SCV  
  20  1:55  Bunker  
  20  2:04  Marine  
  20  2:07  Supply Depot  
  21  2:09  Marine  
  22  2:17  Factory  
  23  2:23  Marine  
  23  2:28  Marine, SCV  
  25  2:33  Refinery  
  25  2:41  SCV  
  26  2:46  Marine  
  27  2:53  SCV  
  27  2:56  Marine  
  28  3:01  Orbital Command  
  28  3:06  Starport  
  28  3:08  SCV  
  28  3:11  Factory Tech Lab  
  29  3:13  Marine  
  29  3:17  Marine  
  31  3:21  SCV  
  32  3:27  SCV  
  32  3:31  Siege Tank  
  32  3:34  Marine  
  37  3:35  SCV  
  37  3:40  Liberator  
  38  3:43  SCV  
  38  3:48  Marine  
  38  3:49  SCV  
  40  4:00  Marine  
  40  4:02  SCV  
  44  4:06  SCV  
  45  4:14  SCV  
  45  4:15  Supply Depot  
  46  4:24  Supply Depot  
  46  4:37  Siege Tank, Marine x2, SCV x2  
  53  4:43  Supply Depot  
  53  4:46  Viking  
  54  4:55  Marine  
  54  4:56  Marine  
  37  5:15  Marine x2  
  23  5:37  SCV  
Tags
 
Add a new tag
Caveats
  • Supply blocks, unpowered buildings, or Contaminate may cause inaccurate times.
  • Supply counts are checked every 10 seconds.